Map: Simulacrum LE

Players

Reynor - Winner!

  • Race: Zerg Zerg
  • Spawn Location: 5:00

Dream

  • Race: Terran Terran
  • Spawn Location: 11:00

Event: StayAtHomestory Cup #1

VOD

Have the link to the VOD?

Description

Time

  • Played on: April 11, 2020, 5:36 a.m.
  • Length: 10:17

All games in this series

Show
View Real Time Build Order
Export as new Build Order

Reynor Zerg - Winner!

Build Orders: Hatch First 

Get SALT Encoding   

  12  0:01  Drone  
  13  0:12  Overlord  
  13  0:17  Drone  
  14  0:31  Drone x2  
  16  0:48  Hatchery  
  15  0:51  Drone  
  15  0:55  Drone  
  17  0:58  Drone  
  18  1:09  Extractor  
  17  1:14  Spawning Pool  
  17  1:17  Drone  
  17  1:20  Drone  
  18  1:28  Drone  
  19  1:38  Drone  
  20  1:49  Overlord  
  20  2:00  Queen  
  20  2:01  Zergling x4, Queen  
  26  2:11  Drone x2  
  28  2:16  Metabolic Boost  
  28  2:21  Drone  
  28  2:22  Drone  
  30  2:29  Spore Crawler  
  29  2:33  Spore Crawler  
  29  2:37  Spore Crawler  
  29  2:42  Hatchery  
  29  2:44  Drone  
  30  2:48  Drone  
  30  2:49  Drone  
  32  2:56  Queen  
  34  2:59  Overlord  
  34  3:02  Drone  
  35  3:07  Pneumatized Carapace  
  35  3:09  Drone  
  36  3:18  Drone x4  
  40  3:21  Drone x2  
  40  3:26  Overlord  
  42  3:27  Drone  
  43  3:35  Drone  
  44  3:45  Zergling x2  
  44  3:47  Zergling x4, Queen  
  49  3:49  Drone  
  49  3:50  Drone  
  51  3:57  Drone  
  51  3:58  Roach Warren, Overlord  
  51  4:00  Queen  
  51  4:02  Zergling x2  
  54  4:04  Drone  
  54  4:05  Drone  
  54  4:07  Drone  
  54  4:08  Drone  
  58  4:12  Overlord  
  58  4:17  Drone  
  58  4:19  Drone x2, Overlord  
  58  4:21  Drone  
  62  4:25  Queen  
  62  4:27  Drone  
  62  4:30  Zergling x4  
  67  4:35  Overlord  
  67  4:41  Lair  
  67  4:44  Extractor, Roach x3  
  67  4:45  Extractor  
  71  4:47  Roach  
  71  4:48  Drone  
  71  4:49  Drone x2  
  76  4:53  Roach  
  76  4:55  Drone x2  
  76  4:58  Drone x2  
  76  4:59  Spore Crawler  
  81  5:02  Overlord  
  81  5:06  Roach  
  83  5:07  Queen  
  83  5:08  Drone x2  
  83  5:12  Overlord  
  87  5:14  Drone x2  
  87  5:17  Overlord  
  89  5:21  Extractor  
  89  5:24  Drone x2  
  89  5:28  Spore Crawler, Drone  
  89  5:30  Overlord  
  89  5:31  Drone x3  
  89  5:32  Drone  
  89  5:34  Drone x2  
  96  5:37  Drone  
  96  5:40  Drone x2  
  99  5:45  Spire  
  99  5:46  Drone x2, Evolution Chamber  
  99  5:49  Extractor  
  100  5:50  Extractor, Drone x2  
  100  5:54  Drone  
  100  5:56  Overlord  
  100  6:01  Roach x2  
  100  6:03  Drone x3  
  107  6:07  Overlord  
  107  6:15  Zerg Missile Weapons Level 1  
  107  6:18  Overlord  
  107  6:20  Hatchery  
  107  6:23  Overlord  
  106  6:34  Queen  
  108  6:46  Overlord  
  108  6:56  Corruptor x8  
  108  6:57  Corruptor  
  126  7:02  Roach x2  
  126  7:03  Drone x4, Overlord  
  126  7:06  Corruptor  
  136  7:09  Roach  
  136  7:11  Overlord  
  136  7:14  Glial Reconstitution  
  138  7:16  Extractor  
  135  7:24  Corruptor  
  137  7:32  Overlord  
  137  7:33  Roach x8  
  157  7:37  Roach x2  
  157  7:39  Roach x2  
  157  7:42  Zergling x4, Roach  
  165  7:51  Zergling x8, Roach x2  
  173  7:59  Zergling x6  
  173  8:00  Overlord  
  176  8:06  Overlord x2  
  176  8:08  Overlord  
  176  8:21  Ravager x7  
  176  8:25  Roach x2  
  176  8:26  Overlord  
  187  8:34  Ravager x5  
  191  8:36  Roach x2  
  191  8:37  Zergling x2  
  191  8:38  Zergling x6  
  177  9:13  Roach  
  177  9:14  Roach x9  
  175  9:18  Roach x12  
  175  9:19  Zergling x8  
  187  9:25  Roach  
  187  9:26  Roach x3  
  187  9:34  Roach x3  
  187  9:36  Roach  
  172  9:45  Ravager x3  
  172  9:46  Ravager  
  172  9:48  Roach x4  
  182  9:57  Roach  
  182  9:58  Roach x9  
Show
View Real Time Build Order
Export as new Build Order

Dream Terran 

Build Orders: Hellion Opening, Reaper Expand, Mech 

Get SALT Encoding   

  12  0:00  SCV  
  13  0:12  SCV  
  14  0:17  Supply Depot  
  14  0:25  SCV  
  15  0:38  SCV  
  15  0:40  Barracks  
  16  0:43  Refinery  
  16  0:50  SCV  
  17  1:02  SCV  
  18  1:15  SCV  
  19  1:27  Reaper, Orbital Command  
  20  1:39  Command Center  
  20  1:50  Supply Depot  
  20  1:53  SCV  
  21  1:59  Marine  
  22  2:05  SCV  
  22  2:07  Factory  
  23  2:13  Refinery  
  23  2:17  SCV  
  23  2:20  Barracks Reactor  
  24  2:29  SCV  
  25  2:42  SCV  
  26  2:51  Orbital Command  
  26  2:54  SCV  
  26  2:55  Starport  
  27  3:01  Hellion x2  
  31  3:06  SCV  
  32  3:17  Marine  
  32  3:18  SCV  
  32  3:19  SCV  
  35  3:22  Hellion x2  
  39  3:30  SCV  
  39  3:31  SCV  
  41  3:34  Starport Tech Lab, Fusion Core  
  41  3:36  Supply Depot  
  41  3:42  SCV  
  41  3:43  SCV  
  41  3:44  Hellion  
  45  3:54  SCV  
  46  3:57  SCV  
  46  3:58  Hellion  
  46  3:59  Supply Depot  
  49  4:06  Command Center  
  49  4:08  SCV  
  50  4:16  SCV  
  51  4:22  Battlecruiser  
  57  4:26  Supply Depot  
  57  4:29  SCV  
  57  4:30  SCV  
  59  4:40  Refinery  
  59  4:41  SCV, Refinery  
  59  4:42  SCV  
  61  4:47  Supply Depot  
  61  4:53  SCV  
  61  4:54  Factory  
  61  4:56  Factory  
  62  5:02  SCV  
  62  5:05  SCV  
  62  5:06  Hellion x2  
  68  5:12  Supply Depot  
  68  5:14  SCV  
  69  5:17  SCV, Orbital Command  
  70  5:26  SCV  
  69  5:29  SCV  
  69  5:34  Battlecruiser  
  76  5:36  Refinery  
  76  5:38  Refinery  
  76  5:39  SCV  
  76  5:41  SCV, Orbital Command  
  78  5:46  Factory Tech Lab  
  78  5:47  Factory Tech Lab  
  78  5:51  SCV  
  78  5:53  SCV  
  78  5:54  Hellion x2  
  84  6:08  SCV  
  84  6:09  SCV x2  
  87  6:13  Siege Tank x2  
  87  6:16  Armory x2  
  93  6:21  SCV  
  93  6:22  Supply Depot, Engineering Bay  
  93  6:23  SCV  
  93  6:25  SCV  
  94  6:35  SCV x2  
  94  6:38  Hellion x2  
  100  6:42  SCV  
  107  6:47  SCV  
  107  6:48  Supply Depot  
  107  6:49  Supply Depot  
  108  6:54  SCV  
  109  7:09  Supply Depot  
  109  7:10  SCV, Siege Tank x2  
  109  7:12  Terran Vehicle And Ship Armor Level 1, Terran Vehicle Weapons Level 1  
  120  7:15  Hellion  
  120  7:16  Hellion  
  120  7:19  SCV x2, Factory  
  120  7:21  Factory  
  114  7:25  Mag-Field Accelerator  
  114  7:26  SCV  
  115  7:31  SCV  
  115  7:34  Supply Depot  
  116  7:38  SCV x2, Missile Turret, Command Center  
  116  7:43  SCV  
  119  7:44  Supply Depot  
  119  7:45  Supply Depot, Cyclone x2  
  119  7:50  SCV x2  
  127  7:51  Missile Turret  
  127  7:53  Missile Turret  
  127  7:56  SCV  
  122  8:09  Supply Depot  
  122  8:17  Cyclone  
  122  8:18  Cyclone  
  128  8:23  Engineering Bay  
  128  8:35  Factory Reactor, Infernal Pre-Igniter  
  128  8:40  Cyclone  
  131  8:46  Hellion  
  131  8:47  Hellion  
  135  8:50  Cyclone  
  138  8:57  Command Center  
  131  9:04  Siege Tank  
  130  9:12  Siege Tank  
  130  9:14  Hellion x2  
  130  9:17  Hellion x2  
  120  9:22  Siege Tank  
  112  9:31  Orbital Command  
  110  9:36  Siege Tank  
  107  9:44  Siege Tank  
  104  9:47  SCV  
  104  9:48  SCV  
  106  9:58  SCV x2  
  100  10:02  SCV  
Tags
 
Add a new tag
Caveats
  • Supply blocks, unpowered buildings, or Contaminate may cause inaccurate times.
  • Supply counts are checked every 10 seconds.